 Dungeon Crawl Stone Soup version 0.23-a0-481-g60b89c1 (webtiles) character file.

91 Lavandula the Cutter (level 4, -4/27 HPs)
             Began as a Halfling Enchanter on Nov 30, 2018.
             Slain by an orc wizard
             ... wielding a +0 dagger
              (7 damage)
             ... on level 4 of the Dungeon.
             The game lasted 00:06:04 (1167 turns).

Lavandula the Cutter (Halfling Enchanter)           Turns: 1167, Time: 00:06:04

Health: -4/27      AC:  2    Str:  9    XL:     4   Next: 88%
Magic:  1/6        EV: 15    Int: 14    God:
Gold:   45         SH:  0    Dex: 14    Spells: 0/6 levels left

rFire    . . .     SeeInvis .   a - +1 dagger
rCold    . . .     Gourm    .   (shield restricted)
rNeg     . . .     Faith    .   b - +0 robe
rPois    .         Spirit   .   (no helmet)
rElec    .         Reflect  .   (no cloak)
rCorr    .         Harm     .   (no gloves)
MR       .....                  (no boots)
Stlth    +.........             (no amulet)
HPRegen  0.09/turn              k - ring of attention (curse)
MPRegen  0.10/turn              (no ring)

@: no status effects
A: small, mutation resistance 1
a: no special abilities


You were on level 4 of the Dungeon.
You were not hungry.

You visited 1 branch of the dungeon, and saw 4 of its levels.

You collected 45 gold pieces.

Inventory:

Hand Weapons
 a - a +1 dagger (weapon)
 l - a +0 hunting sling
Missiles
 i - 27 stones (quivered)
Armour
 b - a +0 robe (worn)
Jewellery
 k - a cursed ring of attention (left hand)
Potions
 c - a potion of invisibility {unknown}
 h - a potion of lignification {unknown}
 j - a potion of degeneration {unknown}
Comestibles
 d - 4 rations
 f - 3 chunks of flesh


   Skills:
 + Level 5.2 Short Blades
 - Level 2.1 Dodging
 - Level 3.2 Stealth
 - Level 1.5 Spellcasting
 - Level 2.4 Hexes


You couldn't memorise any spells.
You knew the following spells:

 Your Spells              Type           Power        Failure   Level  Hunger
a - Corona                Hex            #......      10%         1    ##.....
b - Ensorcelled Hibernat  Hex/Ice        #.....       22%         2    ###....
c - Confuse               Hex            #.......     28%         3    ####...

Your spell library contained the following spells:

 Spells                   Type           Power        Failure   Level  Hunger
 Tukima's Dance           Hex            #.......     28%         3    ####...
 Dazzling Spray           Conj/Hex       #.....       41%         3    ####...


Dungeon Overview and Level Annotations

Branches:
Dungeon (4/15)
 Temple: D:4-7

Altars:
Ashenzari


Innate Abilities, Weirdness & Mutations

You are small and have problems with some larger weapons.
You are somewhat resistant to further mutation.


Message History

The orc wizard blinks!
The orc wizard misses you.
Casting: Corona (safe; 10% risk of failure)
Confirm with . or Enter, or press ? or * to list all spells.
Aiming: Corona (safe; 10% risk of failure)
Press: ? - help, Shift-Dir - straight line, f/p - orc wizard
Aim: an orc wizard, wielding a +0 dagger and wearing a cursed +0 robe (severely The orc wizard is outlined in light.
The orc wizard casts a spell at you. The magic dart hits you!
* * * LOW HITPOINT WARNING * * *
You hit the orc wizard.
The orc wizard is severely wounded.
The orc wizard hits you with a +0 dagger.
* * * LOW HITPOINT WARNING * * *
The orc closely misses you.
You hit the orc wizard but do no damage.
The orc wizard is severely wounded.
The orc wizard hits you with a +0 dagger!
You die...

######.#.##........
#......#.##..######
#....#.#.##..#######
####.#.#.##)...o...#
.....#.#.###.#####.#
######.#.....# #o#
#.####### #.#
#.#<)...#####o#
#.#)......o@oo#
#.############# #.#
######.# .......#
########


You could see an orc priest, 2 orc wizards and an orc.

Vanquished Creatures
  An orc wizard (D:4)
  3 adders (D:2)
  An ooze (D:3)
  3 dart slugs
  A leopard gecko (D:3)
  2 orcs
  3 giant cockroaches
  A goblin (D:1)
  2 hobgoblins
  2 bats
  4 frilled lizards
  A jackal skeleton (D:4)
  4 kobolds
  2 rats
30 creatures vanquished.

Notes
Turn   | Place    | Note
-------+----------+-------------------------------------------
     0 | D:1      | Lavandula the Halfling Enchanter began the quest for the
                  | Orb.
     0 | D:1      | Reached XP level 1. HP: 11/11 MP: 3/3
    50 | D:2      | Found a shattered altar of Ashenzari.
    53 | D:2      | Reached skill level 2 in Short Blades
    53 | D:2      | Reached XP level 2. HP: 17/17 MP: 4/4
    70 | D:2      | Reached skill level 3 in Short Blades
    74 | D:2      | Learned a level 2 spell: Ensorcelled Hibernation
   132 | D:2      | Reached XP level 3. HP: 5/21 MP: 0/5
   243 | D:1      | Reached skill level 4 in Short Blades
   456 | D:2      | Reached XP level 4. HP: 16/27 MP: 1/6
   562 | D:3      | Learned a level 3 spell: Confuse
  1085 | D:4      | Reached skill level 5 in Short Blades
  1167 | D:4      | Slain by an orc wizard

Vault maps used:
D:1:      minmay_arrival_checkered_box
D:2:      evilmike_ruin_ashenzari, first_ration, item_on_display_a
D:3:      minmay_evil_eye, overflow_temple_1_default, minitemple, uniq_jessica
D:4:      kennysheep_mini_moat, minmay_temple_entry_sparse_star, serial_shops,
          shop, uniq_duvessa

Skill      XL: |  1  2  3  4 |
---------------+-------------+-----
Short Blades   | 2 3 4 5 |  5.2
Dodging        | |  2.1
Stealth        | |  3.2
Spellcasting   | |  1.5
Hexes          | |  2.4

Action                   |  1- 3 |  4- 6 || total
-------------------------+-------+-------++-------
Melee: Dagger            |    65 |    74 ||   139
 Cast: Corona            |     6 |     2 ||     8
       Ensorcelled Hiber |     8 |    12 ||    20
  Use: Potion            |     2 |     3 ||     5
       Scroll            |       |     2 ||     2
 Stab: Sleeping          |     9 |     6 ||    15
  Eat: Chunk             |       |     3 ||     3
Armor: Robe              |     4 |     4 ||     8
Dodge: Dodged            |    42 |    56 ||    98

Table legend:
 A = Non-vault XP
 B = Vault XP
 C = Vault XP percentage of total XP
 D = Non-vault monster count
 E = Vault monster count
 F = Vault count percentage of total count
                 A         B        C        D         E       F
            +---------+---------+-------+---------+---------+-------
      Total |     118 |      13 |   9.9 |      25 |       5 |  16.7
            +---------+---------+-------+---------+---------+-------
        D:1 |      18 |       0 |   0.0 |       9 |       0 |   0.0
        D:2 |      52 |       0 |   0.0 |       9 |       0 |   0.0
        D:3 |       9 |      13 |  59.1 |       4 |       5 |  55.6
        D:4 |      39 |       0 |   0.0 |       3 |       0 |   0.0
            +---------+---------+-------+---------+---------+-------
